 Dungeon Crawl Stone Soup version 0.22.1-1-ga44c0e56f4 (webtiles) character file.

65 Riddle the Magician (level 3, -8/16 HPs)
             Began as a Spriggan Summoner on Oct 15, 2018.
             Mangled by Grinder (11 damage)
             ... on level 3 of the Dungeon.
             The game lasted 00:05:46 (2412 turns).

Riddle the Magician (Spriggan Summoner)             Turns: 2412, Time: 00:05:46

Health: -8/16      AC:  2    Str:  4    XL:     3   Next: 92%
Magic:  0/9        EV: 19    Int: 17    God:
Gold:   68         SH:  0    Dex: 16    Spells: 8/9 levels left

rFire    . . .     SeeInvis +   d - +0 dagger
rCold    . . .     Gourm    .   (shield restricted)
rNeg     . . .     Faith    .   a - +0 robe
rPois    .         Spirit   .   (helmet restricted)
rElec    .         Reflect  .   (no cloak)
rCorr    .         Harm     .   (gloves unavailable)
MR       .....                  (boots unavailable)
Stlth    ++........             (no amulet)
HPRegen  0.05/turn              (no ring)
MPRegen  0.11/turn              (no ring)

@: very quick
A: very small, unfitting armour, see invisible, herbivore, speed 3, slow
metabolism 2
a: no special abilities


You were on level 3 of the Dungeon.
You were not hungry.

You visited 1 branch of the dungeon, and saw 3 of its levels.

You collected 68 gold pieces.

Inventory:

Hand Weapons
 d - a +0 dagger (weapon)
Armour
 a - a +0 robe (worn)
Scrolls
 e - 2 scrolls of noise {unknown}
 g - a scroll of amnesia {unknown}
 h - 3 scrolls of teleportation {unknown}
 j - a scroll of enchant armour {unknown}
Potions
 b - a potion of lignification {unknown}
 f - a potion of heal wounds {unknown}
 i - 2 potions of curing {unknown}
Comestibles
 c - 5 rations


   Skills:
 + Level 3.9 Dodging
 - Level 3.0 Stealth
 * Level 3.9 Spellcasting
 * Level 3.8 Summonings


You had 8 spell levels left.
You knew the following spells:

 Your Spells              Type           Power        Failure   Level  Hunger
a - Summon Small Mammal   Summ           ###.         3%          1    None

Your spell library contained the following spells:

 Spells                   Type           Power        Failure   Level  Hunger
 Call Imp                 Summ           ###.....     4%          2    ##.....
 Call Canine Familiar     Summ           ###.....     10%         3    ###....
 Summon Guardian Golem    Hex/Summ       #.......     22%         3    ###....
 Summon Ice Beast         Ice/Summ       #.......     58%         4    ####...
 Summon Lightning Spire   Summ/Air       #.......     58%         4    ####...


Dungeon Overview and Level Annotations

Branches:
Dungeon (3/15)

Altars:
Okawaru
Ru

Annotations:
D:3 Grinder


Innate Abilities, Weirdness & Mutations

You are very small and have problems with some larger weapons.
You are too small for most types of armour.
You have supernaturally acute eyesight. (SInv)
You are a herbivore.
You cover ground extremely quickly.
You need to consume almost no food.


Message History

Your rat closely misses Grinder.
You can move again.
Grinder completely misses you.
Your rat misses Grinder.
Unknown command.
You hit Grinder.
Grinder is almost dead.
Grinder hits you but does no damage.
Your rat bites Grinder but does no damage.
You closely miss Grinder.
Grinder is almost dead.
Grinder barely misses you.
Your rat bites Grinder but does no damage.
You closely miss Grinder.
Grinder is almost dead.
Grinder completely misses you.
Your rat closely misses Grinder.
You hit Grinder.
Grinder is almost dead.
Grinder hits you!
Ouch! That really hurt!
You die...

#.........#
.........# ###
.........######.#
#####.......#.._##
#.....#.'...8#
#.....###.._##
+.....# ###.#
##rb...# ###
#<@5.#.#
#####.####.....#
#.....# #####.#
#..).#### ####


You could see Grinder, a friendly bat (paralysed) and a friendly rat.

Vanquished Creatures
  Natasha (D:3)
  2 goblins (D:1)
  2 bats (D:1)
5 creatures vanquished.

Vanquished Creatures (collateral kills)
  Jessica (D:3)
  An adder (D:2)
  An ooze (D:2)
  A dart slug (D:2)
  2 giant cockroaches
  6 goblins
  5 hobgoblins (D:1)
  5 bats
  A frilled lizard (D:2)
  3 kobolds (D:1)
  11 rats
37 creatures vanquished.

Grand Total: 42 creatures vanquished

Notes
Turn   | Place    | Note
-------+----------+-------------------------------------------
     0 | D:1      | Riddle the Spriggan Summoner began the quest for the Orb.
     0 | D:1      | Reached XP level 1. HP: 9/9 MP: 5/5
   316 | D:1      | Reached XP level 2. HP: 13/13 MP: 1/7
  1522 | D:2      | Reached XP level 3. HP: 13/16 MP: 1/8
  2171 | D:3      | Found a sacrificial altar of Ru.
  2171 | D:3      | Found an iron altar of Okawaru.
  2185 | D:3      | Noticed Natasha
  2213 | D:3      | Killed Natasha
  2344 | D:3      | Noticed Jessica
  2355 | D:3      | Noticed Grinder
  2365 | D:3      | Killed Jessica
  2405 | D:3      | Paralysed by Grinder for 3 turns
  2412 | D:3      | Mangled by Grinder

Skill      XL: |  1 |
---------------+----+-----
Spellcasting   | 3 |  3.9
Dodging        | |  3.9
Stealth        | |  3.0
Summonings     | |  3.8

Action                   || total
-------------------------++-------
Melee: Dagger            ||    33
 Cast: Summon Small Mamm ||   118
 Stab: Sleeping          ||     2
       Distracted        ||     1
Armor: Robe              ||     9
Dodge: Dodged            ||    72
